 Dungeon Crawl Stone Soup version 0.32-a0-361-g289a535e89 (webtiles) character file.

Game seed: 17386583788706042632

31434 n00bmints the Bludgeoner (level 13, -7/119 HPs)
             Began as a Minotaur Berserker on Feb 19, 2024.
             Was a Believer of Trog.
             Killed from afar by a deep elf pyromancer (31 damage)
             ... with a bolt of fire
             ... on level 1 of the Elven Halls.
             The game lasted 01:21:57 (12413 turns).

n00bmints the Bludgeoner (Minotaur Berserker)      Turns: 12413, Time: 01:22:03

Health: -7/119     AC: 24    Str: 25    XL:     13   Next: 26%
Magic:  12/12      EV:  9    Int:  4    God:    Trog [**....]
Gold:   1367       SH: 21    Dex: 18    Spells: 12/12 levels left

rFire   . . .        M - +3 morningstar (protect)
rCold   . . .        y - +2 tower shield
rNeg    . . .        j - +0 plate armour
rPois   .            (helmet restricted)
rElec   .            I - +1 cloak
rCorr   +            s - +2 pair of gloves
SInv    .            (no boots)
Will    ++...        G - amulet of regeneration Stlth
                     p - ring of resist corrosion
HPRegen 2.19/turn    t - +6 ring of dexterity
MPRegen 0.13/turn

%: no passive effects
@: on fire, strong-willed, corroded, under a protective aura, regenerating,
glowing, studying Shields
A: horns 2, retaliatory headbutt
a: Renounce Religion, Berserk, Trog's Hand


You were on level 1 of the Elven Halls.
You worshipped Trog.
Trog was pleased with you.
You visited 3 branches of the dungeon, and saw 13 of its levels.

You collected 1537 gold pieces.
You spent 170 gold pieces at shops.

Inventory:

Hand Weapons
 a - a +0 great mace
 g - a +0 dire flail of holy wrath
 i - a -1 demon whip of venom
 A - a +2 flail of holy wrath
 M - a +3 morningstar of protection (weapon)
Armour
 j - a +0 plate armour (worn)
 k - a scarf of shadows
 s - a +2 pair of gloves (worn)
 y - a +2 tower shield (worn)
 I - a +1 cloak (worn)
 N - a +2 chain mail of cold resistance
Jewellery
 p - a ring of resist corrosion (left hand)
 t - a +6 ring of dexterity (right hand)
 w - an amulet of reflection
 E - a +6 ring of dexterity
 G - an amulet of regeneration (around neck)
Talismans
 x - a flux talisman
Scrolls
 b - a scroll of poison
 e - 3 scrolls of teleportation
 f - 3 scrolls of noise
 l - 2 scrolls of amnesia
 m - a scroll of fear
 o - a scroll of torment {unknown}
 q - 4 scrolls of revelation
 r - a scroll of vulnerability {unknown}
 D - a scroll of fog {unknown}
 H - a scroll of silence {unknown}
Potions
 c - a potion of resistance {unknown}
 d - 5 potions of curing
 n - a potion of might {unknown}
 u - 4 potions of degeneration {unknown}
 v - a potion of invisibility {unknown}
 z - a potion of brilliance {unknown}
 B - 4 potions of enlightenment {unknown}
 C - 2 potions of haste {unknown}
 F - 3 potions of lignification {unknown}
 K - a potion of heal wounds {unknown}
 L - a potion of mutation {unknown}


   Skills:
 + Level 12.4 Fighting
 + Level 15.8 Maces & Flails
 + Level 12.2 Armour
 + Level 7.1 Dodging
 + Level 2.6 Stealth
 + Level 12.9 Shields


You had 12 spell levels left.
You didn't know any spells.
Your spell library was empty.

Dungeon Overview and Level Annotations

Branches:
Dungeon (10/15)            Temple (0/1) D:5             Orc (2/2) D:10
    Elf (1/3) Orc:2
   Lair: D:8-11

Altars:
Makhleb
Qazlal
Wu Jian
The Shining One
Beogh

Shops:
D:1 :   D:4 *   Orc:2 [[?(


Innate Abilities, Weirdness & Mutations

You have a pair of horns on your head.
You reflexively headbutt those who attack you in melee.


Message History

You feel strong-willed.
The deep elf archer mumbles some strange words.
The deep elf archer blinks!
You block the deep elf pyromancer's attack.
The deep elf archer shoots an arrow.
You block the arrow.
The deep elf pyromancer attacks as it pursues you!
You block the deep elf pyromancer's attack.
The deep elf archer shoots an arrow.
You block the arrow.
You closely miss the deep elf pyromancer.
The deep elf pyromancer hits you but does no damage.
You hit the deep elf pyromancer but do no damage.
Your weapon exudes an aura of protection.
You block the deep elf pyromancer's attack.
The deep elf archer shoots an arrow.
The arrow hits you!
The deep elf zephyrmancer points at you and mumbles some strange words.
The bolt of lightning hits you!!
You block the +0 heavy trident's attack.
You hit the deep elf pyromancer.
You headbutt the deep elf pyromancer, but do no damage.
The deep elf pyromancer is lightly wounded.
The +0 heavy trident hits you but does no damage.
The deep elf zephyrmancer closely misses you.
You furiously retaliate!
You headbutt the deep elf zephyrmancer, but do no damage.
The deep elf pyromancer points at you and mumbles some strange words.
The pyre arrow hits you.
You are covered in intense liquid fire!
The deep elf archer shoots an arrow.
You block the arrow.
The deep elf zephyrmancer points at you and mumbles some strange words.
The bolt of lightning misses you.
There is a staircase back to the Mines, spattered with blood here.
Things that are here:
a +0 dagger; a shapeshifter skeleton; an elf skeleton The liquid fire burns you!
* * * LOW HITPOINT WARNING * * *
The +0 heavy trident hits you from afar!
* * * LOW HITPOINT WARNING * * *
The deep elf pyromancer points at you and mumbles some strange words.
The bolt of fire hits you!!
You die...

### ### ###.##+ ###.###
#.....# ###.....### #.....#
#....e....#
#.....############.........###
###..............'.........'..
####.###########E°○°°....###
##.##########.e○eE○...#
##.##..@.(#'##....○+##
##'))).ee.#####.###
#.)....e..# ### #.........#
#......e..# #.........+
#.........# ##.......##
+#.....##


You could see a deep elf archer (repels missiles), 2 deep elf pyromancers, a
deep elf zephyrmancer and a +0 heavy trident.

Vanquished Creatures
  2 deep elf sorcerers (Elf:1)
  2 orc warlords (Orc:2)
  A fire dragon (D:10)
  A hydra (D:10)
  A dancing weapon (Elf:1)
  4 two-headed ogres (D:10)
  Erica (D:8)
  4 orc high priests (Orc:2)
  Amaemon (D:8)
  A deep elf archer (Elf:1)
  2 deep elf zephyrmancers (Elf:1)
  An orc knight (D:10)
  Maurice (D:8)
  A deep elf pyromancer (Elf:1)
  3 orc sorcerers (Orc:2)
  A cyclops (D:10)
  4 kobold blastminers
  An orange demon (D:8)
  Maggie (D:7)
  A kobold demonologist (D:10)
  5 trolls
  A hornet (D:9)
  A raiju (shapeshifter) (Elf:1)
  2 wyverns
  5 slime creatures (D:8)
  6 yaks (D:9)
  A wraith (D:10)
  The ghost of Sobieck the Slasher, an amateur CoGl (D:3)
  2 steam dragons
  Grum (D:8)
  10 wargs
  An acid dragon (D:10)
  3 water moccasins
  2 hell hounds (D:10)
  23 orc warriors
  2 sky beasts
  2 black bears (D:6)
  7 ogres
  4 wolves (D:8)
  2 centaurs
  10 kobold brigands
  2 phantoms (D:6)
  A bullfrog (D:8)
  10 gnoll sergeants
  2 scorpions
  8 howler monkeys
  2 bombardier beetles (D:5)
  4 jellies
  A gnoll bouda (D:10)
  6 hounds
  38 orc priests
  Crazy Yiuf (D:2)
  A sleepcap (D:5)
  2 iguanas
  35 orc wizards
  11 gnolls
  10 adders
  A shadow imp (D:8)
  2 white imps (D:7)
  4 ufetubi
  3 dart slugs
  64 orcs
  11 ball pythons
  9 endoplasms
  3 giant cockroaches (D:1)
  9 hobgoblins
  5 jackals (D:5)
  4 quokkas
  3 bats
  7 frilled lizards
  8 goblins
  23 kobolds
  4 rats
  A butterfly (D:5)
420 creatures vanquished.

Vanquished Creatures (others)
  2 orcs
2 creatures vanquished.

Grand Total: 422 creatures vanquished

Notes
Turn   | Place    | Note
-------+----------+-------------------------------------------
     0 | D:1      | n00bmints the Minotaur Berserker began the quest for the
                  | Orb.
     0 | D:1      | Reached XP level 1. HP: 19/19 MP: 0/0
    77 | D:1      | Found Kiullish's Book Boutique.
    94 | D:1      | Reached skill level 4 in Maces & Flails
    94 | D:1      | Reached XP level 2. HP: 15/27 MP: 1/1
   178 | D:1      | Found a faded altar of an unknown god.
   483 | D:1      | Reached XP level 3. HP: 16/33 MP: 2/2
   885 | D:2      | Found a runed translucent door.
   886 | D:2      | Noticed Crazy Yiuf
  1002 | D:2      | Reached ** piety under Trog
  1039 | D:2      | Reached XP level 4. HP: 41/41 MP: 3/3
  1398 | D:2      | Found a burning altar of Makhleb.
  1671 | D:2      | Killed Crazy Yiuf
  1672 | D:2      | Reached skill level 5 in Maces & Flails
  1868 | D:3      | Reached skill level 5 in Fighting
  1868 | D:3      | Reached XP level 5. HP: 41/48 MP: 4/4
  1945 | D:3      | Identified the +1 whip "Orb Guardian's Foe" {flame, rPois
                  | Will- Int+3 Dex+3}
  2288 | D:3      | Found a runed translucent door.
  2289 | D:3      | Noticed Sobieck's ghost (amateur CoGl)
  2330 | D:3      | Killed Sobieck's ghost
  2331 | D:3      | Reached skill level 6 in Maces & Flails
  2331 | D:3      | Reached XP level 6. HP: 56/56 MP: 5/5
  2757 | D:3      | Found a glowing golden altar of the Shining One.
  3124 | D:4      | Found Seqege Ruvio's Assorted Antiques.
  3209 | D:4      | Reached skill level 5 in Armour
  3776 | D:5      | Entered Level 5 of the Dungeon
  3818 | D:5      | Reached XP level 7. HP: 59/62 MP: 6/6
  3877 | D:5      | Reached skill level 7 in Maces & Flails
  4114 | D:5      | Found a staircase to the Ecumenical Temple.
  4690 | D:6      | Reached skill level 8 in Maces & Flails
  4705 | D:6      | Reached XP level 8. HP: 66/70 MP: 7/7
  5012 | D:6      | Reached skill level 9 in Maces & Flails
  5012 | D:6      | Reached skill level 1 in Shields
  5555 | D:7      | Reached XP level 9. HP: 78/79 MP: 8/8
  5569 | D:7      | Reached skill level 10 in Maces & Flails
  5843 | D:7      | Noticed Maggie
  5853 | D:7      | Killed Maggie
  6100 | D:7      | Reached skill level 1 in Stealth
  6324 | D:8      | Noticed Maurice
  6333 | D:8      | Maurice stole an amulet of regeneration
  6341 | D:8      | Killed Maurice
  6343 | D:8      | Reached skill level 11 in Maces & Flails
  6360 | D:8      | Reached XP level 10. HP: 70/90 MP: 1/9
  6489 | D:8      | Noticed Erica
  6514 | D:8      | Killed Erica
  6515 | D:8      | Reached skill level 5 in Dodging
  6801 | D:8      | Noticed Amaemon
  6807 | D:8      | Noticed an orange demon
  6809 | D:8      | Killed Amaemon
  6810 | D:8      | Reached skill level 10 in Armour
  6813 | D:8      | Killed an orange demon
  6814 | D:8      | Reached skill level 12 in Maces & Flails
  6982 | D:8      | You fall into a shaft and drop 2 floors!
  6982 | D:10     | Entered Level 10 of the Dungeon
  7157 | D:8      | Found an ornate altar of the Wu Jian Council.
  7318 | D:8      | Noticed Grum
  7338 | D:8      | Killed Grum
  7425 | D:8      | Found a stormy altar of Qazlal.
  7741 | D:9      | Reached skill level 5 in Shields
  7784 | D:9      | Reached XP level 11. HP: 86/97 MP: 10/10
  7926 | D:9      | Reached skill level 13 in Maces & Flails
  8008 | D:9      | Identified the +11 short sword "Ogreslayer" {elec, rElec
                  | rC- Int+3 Dex+5}
  8279 | D:10     | Noticed a two-headed ogre
  8285 | D:10     | Noticed a seven-headed hydra
  8290 | D:10     | Killed a two-headed ogre
  8302 | D:10     | Killed a seven-headed hydra
  8303 | D:10     | Reached skill level 10 in Fighting
  8320 | D:10     | Noticed a two-headed ogre
  8329 | D:10     | Killed a two-headed ogre
  8446 | D:10     | Found a staircase to the Orcish Mines.
  8857 | D:10     | Noticed a fire dragon
  9005 | D:10     | Noticed a two-headed ogre
  9018 | D:10     | Killed a two-headed ogre
  9040 | D:10     | Noticed an orc knight
  9069 | D:10     | Noticed a two-headed ogre
  9087 | D:10     | Killed a two-headed ogre
  9168 | D:10     | Killed an orc knight
  9521 | D:10     | Reached XP level 12. HP: 110/110 MP: 11/11
  9531 | D:10     | Killed a fire dragon
  9629 | D:10     | Reached skill level 14 in Maces & Flails
 10396 | Orc:1    | Entered Level 1 of the Orcish Mines
 10396 | Orc:1    | Found a roughly hewn altar of Beogh.
 10645 | Orc:2    | Entered Level 2 of the Orcish Mines
 10797 | Orc:2    | Noticed an orc warlord
 11093 | Orc:2    | Killed an orc warlord
 11094 | Orc:2    | Reached skill level 10 in Shields
 11365 | Orc:2    | Noticed an orc warlord
 11426 | Orc:2    | Killed an orc warlord
 11589 | Orc:2    | Noticed an orc high priest
 11598 | Orc:2    | Noticed an orc high priest
 11610 | Orc:2    | Killed an orc high priest
 11611 | Orc:2    | Reached skill level 15 in Maces & Flails
 11625 | Orc:2    | Killed an orc high priest
 11671 | Orc:2    | Noticed an orc high priest
 11691 | Orc:2    | Killed an orc high priest
 11749 | Orc:2    | Reached XP level 13. HP: 118/118 MP: 12/12
 11803 | Orc:2    | Found Umnunuyrgh's Magic Scroll Shoppe.
 11803 | Orc:2    | Found Ymufoory's Antique Weapon Shoppe.
 11803 | Orc:2    | Found Nuejem's Armour Emporium.
 11804 | Orc:2    | Reached *** piety under Trog
 11815 | Orc:2    | Found Yxeirisk's Antique Armour Emporium.
 11905 | Orc:2    | Bought a scroll of enchant weapon for 82 gold pieces
 11905 | Orc:2    | Bought a scroll of identify for 22 gold pieces
 11905 | Orc:2    | Bought a scroll of teleportation for 33 gold pieces
 11905 | Orc:2    | Bought a scroll of teleportation for 33 gold pieces
 11922 | Orc:2    | Identified a scroll of acquirement
 11926 | Orc:2    | Acquired a manual of Shields
 12060 | Orc:2    | Found a staircase to the Elven Halls.
 12151 | Elf:1    | Entered Level 1 of the Elven Halls
 12165 | Elf:1    | Noticed a deep elf sorcerer
 12175 | Elf:1    | Killed a deep elf sorcerer
 12353 | Elf:1    | Noticed a deep elf sorcerer
 12394 | Elf:1    | Killed a deep elf sorcerer
 12413 | Elf:1    | Killed from afar by a deep elf pyromancer

Illustrated notes

Levels and vault maps discovered:
D:1:      dpeg_arrival_shelter, layout_basic, chequers_ecumenical_altar_simple,
          serial_shops, nicolae_shop_trees, fountainhead, minmay_pentomino_t4
D:2:      layout_loops_ring, basic_altar, serial_forest,
          infiniplex_forest_lined_corner, infiniplex_forest_lined_ring,
          infiniplex_forest_clump_double, infiniplex_forest_clump_C,
          infiniplex_forest_end_1, infiniplex_forest_clump_small,
          infiniplex_forest_clump_double, infiniplex_forest_straight_3,
          infiniplex_forest_lined_ring, uniq_crazy_yiuf_cottage
D:3:      layout_basic, nicolae_tso_swordbearing_angel, gammafunk_ghost_grave,
          grunt_decor_arrowhead
D:4:      layout_loops_corners, serial_shops, shop_fountains
D:5:      layout_loops_ring, minmay_temple_entry_butterflies
D:6:      layout_basic
D:7:      layout_gridville, uniq_maggie
D:8:      layout_basic, mainiacjoe_overflow_catch_the_wave, uniq_erica,
          uniq_grum, uniq_maurice, uniq_amaemon
D:9:      layout_rooms
D:10:     lemuel_castle_with_subvaults [lemuel_castle_interior_original],
          layout_stronghold, erik_orc_3, minmay_misc_feat_chi
Orc:1:    layout_caves, basic_altar
Orc:2:    st_orc_mages, layout_diamond_mine, nicolae_orc_rockfall
Elf:1:    layout_geoelf_diagonals, hangedman_elven_crosses_minicolossus,
          minmay_elf_annihilation, lemuel_upstairs_altar

Skill      XL: |  1  2  3  4  5  6  7  8  9 10 11 12 13 |
---------------+----------------------------------------+-----
Maces & Flails | 4 5 6 8 9 11 12 13 15 | 15.8
Fighting       | 4 5 6 7 8 9 11 12 | 12.4
Armour         | 3 4 5 6 7 9 10 11 12 | 12.2
Dodging        | 3 4 6 7 |  7.1
Shields        | 2 4 5 8 11 12 | 12.9
Stealth        | 1 2 |  2.6

Action                     |  1- 3 |  4- 6 |  7- 9 | 10-12 | 13-15 || total
---------------------------+-------+-------+-------+-------+-------++-------
  Melee: Mace              |    88 |   116 |   267 |    47 |       ||   518
         Headbutt          |    17 |    18 |    64 |   183 |    11 ||   293
         Demon whip        |       |       |       |   257 |       ||   257
         Morningstar       |       |       |       |   528 |    76 ||   604
 Invoke: Berserk           |     1 |     2 |     5 |    15 |     1 ||    24
         Trog's Hand       |       |     2 |    25 |    48 |     7 ||    82
    Use: Scroll            |       |       |       |    14 |     3 ||    17
 Armour: Animal skin       |    18 |       |       |       |       ||    18
         Chain mail        |    31 |    85 |   248 |   291 |       ||   655
         Plate armour      |       |       |       |   186 |    62 ||   248
  Dodge: Dodged            |    43 |    50 |   145 |   233 |    20 ||   491
  Block: Other             |       |       |    62 |    13 |       ||    75
         Tower shield      |       |       |       |   762 |    96 ||   858
         Reflection        |       |       |       |     5 |       ||     5

Table legend: (Time is in decaauts)
 A = Elapsed time spent in this place.
 B = Non-inter-level travel time spent in this place.
 C = Inter-level travel time spent in this place.
 D = Time resting spent in this place.
 E = Time spent auto-exploring this place.
 F = Levels seen in this place.
 G = Mean time per level.
                   A        B        C        D        E       F      G
               +--------+--------+--------+--------+--------+-----+--------+
         Total |  12541 |  11540 |   1001 |      0 |   6629 |  13 |  964.7 |
       Dungeon |  10488 |   9760 |    728 |      0 |   5914 |  10 | 1048.8 |
  Orcish Mines |   1783 |   1529 |    254 |      0 |    715 |   2 |  891.5 |
   Elven Halls |    269 |    251 |     18 |      0 |      0 |   1 |  269.0 |
               +--------+--------+--------+--------+--------+-----+--------+

Top non-repeatable levels by time:
    D:10: 2235 daAuts
   Orc:2: 1268 daAuts
     D:8: 1100 daAuts
     D:2: 1064 daAuts
     D:7: 1062 daAuts
     D:4: 987 daAuts
     D:3: 969 daAuts
     D:5: 879 daAuts
     D:1: 811 daAuts
     D:6: 740 daAuts
     D:9: 637 daAuts
   Orc:1: 514 daAuts
   Elf:1: 269 daAuts
